 Dungeon Crawl Stone Soup version 0.24-a0-521-g122614bf49 (webtiles) character file.

Game seed: 3917954335411581517

120 forest the Sneak (level 4, -1/23 HPs)
             Began as a Spriggan Assassin on July 24, 2019.
             Slain by a worm (8 damage)
             ... on level 2 of the Dungeon on July 28, 2019.
             The game lasted 00:06:26 (3159 turns).

forest the Sneak (Spriggan Assassin)                Turns: 3159, Time: 00:06:26

Health: -1/23      AC:  3    Str:  7 (8)  XL:     4   Next: 75%
Magic:  5/5        EV: 18    Int:  9 (12) God:
Gold:   65         SH:  0    Dex: 17      Spells: 3/3 levels left

rFire    . . .     SeeInvis +   a - +2 dagger
rCold    . . .     Gourm    .   (shield restricted)
rNeg     . . .     Faith    .   b - +0 robe
rPois    .         Spirit   .   (helmet restricted)
rElec    .         Reflect  .   c - +0 cloak
rCorr    .         Harm     .   (gloves unavailable)
MR       .....                  (boots unavailable)
Stlth    ++++......             (no amulet)
HPRegen  0.07/turn              (no ring)
MPRegen  0.09/turn              (no ring)

@: very quick
A: very small, unfitting armour, see invisible, herbivore, speed 3, slow
metabolism 2
a: no special abilities


You were on level 2 of the Dungeon.
You were not hungry.

You visited 1 branch of the dungeon, and saw 2 of its levels.

You collected 65 gold pieces.

Inventory:

Hand Weapons
 a - a +2 dagger (weapon)
Missiles
 d - 3 poisoned darts (quivered)
 h - 59 stones
 l - 23 sling bullets
Armour
 b - a +0 robe (worn)
 c - a +0 cloak (worn)
Scrolls
 g - 3 scrolls of fog {unknown}
 i - 2 scrolls of remove curse {unknown}
Potions
 j - a potion of agility
 k - a potion of invisibility
 m - a potion of flight {unknown}
Comestibles
 f - 3 rations


   Skills:
 + Level 1.9 Fighting
 + Level 3.2 Short Blades
 + Level 2.6 Throwing
 + Level 2.6 Dodging
 + Level 7.5 Stealth


You had 3 spell levels left.
You didn't know any spells.
Your spell library was empty.

Dungeon Overview and Level Annotations

Branches:
Dungeon (2/15)

Altars:

Annotations:
D:2 Sigmund


Innate Abilities, Weirdness & Mutations

You are very small and have problems with some larger weapons.
You are too small for most types of armour.
You have supernaturally acute eyesight. (SInv)
You are a herbivore.
You cover ground extremely quickly.
You need to consume almost no food.


Message History

Sigmund is too close now for your liking.
You hit Sigmund.
Sigmund is heavily wounded.
Sigmund hits you with a +0 scythe.
* * * LOW HITPOINT WARNING * * *
You hit Sigmund.
Sigmund is severely wounded.
Sigmund looks more healthy.
You hit Sigmund but do no damage.
Sigmund is severely wounded.
You hit Sigmund.
Sigmund is severely wounded.
Sigmund is no longer moving slowly.
Sigmund closely misses you.
Throwing (i - inventory. (/) - cycle)
e - a curare-tipped dart (quivered)
Press: ? - help, Shift-Dir - straight line, f/p - Sigmund
Aim: Sigmund, wielding a +0 scythe and wearing a +0 robe (severely wounded)
You throw a curare-tipped dart.
The curare-tipped dart closely misses Sigmund.
The worm bites you!
You die...

.# ........# #.# # .##
##..##.# #(# ..# #..##.#
#.# #.#######..##.# #.#
#.#.....#..##.# #†#
#.#.....#..##.# #.#
#.#.....#..##.###.#
#.......#..##.#.#w#
##......#.....#.@@#
#......#.###.#.#........
##.....#.# #.#.#.#######
#.....#.###.#.#.#
##..........#.#.#
#..........#.#.#
####.........#.#.#
##............#.#.#
.+.........)..#.#


You could see Sigmund and a worm.

Vanquished Creatures
  Natasha (D:2)
  A worker ant (D:2)
  An ooze (D:1)
  3 worms (D:2)
  2 dart slugs
  A ball python (D:2)
  3 giant cockroaches
  4 goblins
  7 hobgoblins
  9 kobolds
  A quokka (D:2)
  12 bats
  4 frilled lizards (D:1)
  5 rats
54 creatures vanquished.

Notes
Turn   | Place    | Note
-------+----------+-------------------------------------------
     0 | D:1      | forest the Spriggan Assassin began the quest for the Orb.
     0 | D:1      | Reached XP level 1. HP: 10/10 MP: 2/2
     0 | D:1      | Upgraded the game from 0.24-a0-520-g8fd06ad0bc to
                  | 0.24-a0-521-g122614bf49
    22 | D:1      | Reached skill level 6 in Stealth
   319 | D:1      | Reached XP level 2. HP: 4/14 MP: 3/3
   689 | D:1      | Reached skill level 7 in Stealth
   912 | D:1      | Reached XP level 3. HP: 11/18 MP: 4/4
  1748 | D:2      | Reached XP level 4. HP: 23/23 MP: 5/5
  2965 | D:2      | Noticed Sigmund
  3023 | D:2      | Noticed Natasha
  3030 | D:2      | Killed Natasha
  3159 | D:2      | Slain by a worm

Levels and vault maps discovered:
D:1:      dpeg_arrival_tiny_i, layout_rooms
D:2:      layout_basic, nicolae_overflow_crystal_walls, uniq_sigmund,
          uniq_natasha

Skill      XL: |  1  2  3  4 |
---------------+-------------+-----
Stealth        | 6 7 |  7.5
Dodging        | 2 |  2.6
Short Blades   | 3 |  3.2
Fighting       | |  1.9
Throwing       | |  2.6

Action                   |  1- 3 |  4- 6 || total
-------------------------+-------+-------++-------
Melee: Dagger            |    87 |    88 ||   175
Throw: Dart              |    12 |    18 ||    30
  Use: Potion            |     3 |       ||     3
 Stab: Sleeping          |    10 |     3 ||    13
Armor: Robe              |    14 |    10 ||    24
Dodge: Dodged            |    72 |    67 ||   139

Table legend:
 A = Non-vault XP
 B = Vault XP
 C = Vault XP percentage of total XP
 D = Non-vault monster count
 E = Vault monster count
 F = Vault count percentage of total count
                 A         B        C        D         E       F
            +---------+---------+-------+---------+---------+-------
      Total |     137 |      35 |  20.3 |      53 |       1 |   1.9
            +---------+---------+-------+---------+---------+-------
        D:1 |      52 |       0 |   0.0 |      29 |       0 |   0.0
        D:2 |      85 |      35 |  29.2 |      24 |       1 |   4.0
            +---------+---------+-------+---------+---------+-------
